Map: Ever Dream LE

Players

A.I. 2 (Very Easy)

  • Race: Zerg Zerg
  • Spawn Location: 1:00

starkiller - Winner!

  • Race: Zerg Zerg
  • Spawn Location: 7:00

VOD

Have the link to the VOD?

Description

Time

  • Played on: Sept. 29, 2020, 12:05 p.m.
  • Length: 10:00
Show
View Real Time Build Order
Export as new Build Order

A.I. 2 (Very Easy) Zerg 

Build Orders: Pool First 

Get SALT Encoding   

  12  0:00  Drone  
  13  0:12  Overlord  
  13  0:16  Drone  
  14  0:35  Spawning Pool  
  14  0:37  Extractor  
  14  0:39  Drone  
  13  0:47  Drone  
  14  0:53  Overlord  
  14  1:22  Zergling x2  
  14  1:24  Queen  
  17  1:31  Roach Warren  
  16  1:35  Drone  
  17  1:40  Extractor  
  17  1:41  Zergling x2  
  17  1:43  Drone  
  18  1:56  Drone  
  18  1:59  Zergling x2  
  20  2:07  Drone  
  21  2:18  Drone  
  22  2:28  Drone  
  23  2:31  Overlord  
  23  2:35  Drone  
  24  2:43  Drone  
  25  4:10  Zergling x2  
  25  4:35  Zergling x2  
  23  4:46  Queen  
  23  4:48  Drone  
  23  5:03  Zergling x2  
  24  5:32  Roach  
  26  5:49  Drone  
  27  5:50  Lair, Overlord  
  27  5:57  Drone  
  28  6:00  Zergling x2  
  28  6:04  Drone  
  30  6:11  Drone  
  31  6:18  Drone  
  32  6:29  Zergling x2  
  30  6:37  Drone  
  28  6:47  Queen  
  28  6:48  Overseer x2  
  30  6:58  Roach  
  31  7:13  Hatchery  
  31  7:14  Drone  
  30  7:27  Zergling x2  
  31  7:32  Hatchery, Drone  
  31  7:55  Roach  
  33  8:34  Ravager  
  34  8:44  Drone  
  35  8:51  Drone  
  35  8:52  Extractor  
  35  8:56  Extractor  
  35  8:58  Drone  
  35  9:06  Drone  
  36  9:13  Drone  
  37  9:20  Drone  
  38  9:27  Drone  
  39  9:32  Zergling x2  
  39  9:34  Drone  
  34  9:42  Drone  
Show
View Real Time Build Order
Export as new Build Order

starkiller Zerg - Winner!

Build Orders: Pool First 

Get SALT Encoding   

  12  0:00  Drone  
  13  0:08  Drone  
  14  0:14  Extractor  
  14  0:15  Drone  
  15  0:21  Overlord  
  15  0:37  Spawning Pool  
  15  0:40  Drone  
  15  0:44  Drone  
  15  0:48  Drone  
  17  1:10  Hatchery  
  16  1:13  Drone  
  16  1:16  Extractor  
  16  1:24  Zergling x4  
  18  1:27  Zergling x2  
  19  1:39  Queen  
  21  1:41  Overlord  
  21  1:48  Drone  
  22  2:00  Drone  
  23  2:09  Drone  
  23  2:15  Queen  
  26  2:19  Metabolic Boost  
  25  2:24  Drone x2  
  27  2:31  Drone  
  27  2:32  Drone  
  29  2:42  Drone, Roach Warren  
  29  2:44  Drone  
  30  2:51  Overlord  
  30  2:53  Overlord  
  30  2:59  Overlord  
  30  3:23  Roach x6  
  42  3:28  Roach  
  42  3:32  Roach  
  46  3:42  Roach  
  46  3:45  Zergling x8  
  52  3:48  Zergling x2  
  52  3:50  Zergling x2  
  54  3:56  Zergling x6  
  54  4:01  Zergling x2  
  58  4:11  Drone  
  58  4:14  Overlord  
  58  4:16  Evolution Chamber  
  58  4:19  Drone  
  58  4:20  Lair  
  59  4:32  Overlord  
  59  4:33  Drone x4  
  59  4:35  Drone  
  59  4:37  Drone  
  65  4:43  Drone x3  
  67  4:46  Drone  
  68  4:55  Extractor x2  
  68  4:56  Zerg Missile Weapons Level 1  
  68  4:57  Drone x2  
  68  5:01  Drone  
  68  5:05  Drone  
  70  5:07  Drone x3  
  70  5:09  Drone  
  74  5:17  Overlord x2  
  74  5:23  Overlord  
  74  5:24  Overlord  
  74  5:26  Glial Reconstitution  
  74  5:30  Overlord  
  74  5:35  Roach  
  76  5:36  Roach  
  76  5:38  Roach  
  76  5:41  Roach  
  82  5:43  Roach  
  82  5:46  Drone  
  85  5:57  Hatchery  
  85  5:59  Roach  
  85  6:02  Roach  
  88  6:04  Roach  
  88  6:05  Roach  
  88  6:08  Roach  
  88  6:10  Roach  
  96  6:13  Roach  
  96  6:15  Roach  
  100  6:21  Roach  
  100  6:22  Roach  
  104  6:31  Roach  
  104  6:32  Roach x3  
  111  6:37  Roach  
  111  6:38  Roach, Overlord  
  115  6:49  Overlord  
  115  6:50  Zerg Missile Weapons Level 2  
  115  6:52  Drone  
  116  6:54  Extractor  
  116  6:57  Drone x3  
  116  7:00  Drone  
  119  7:09  Drone x2  
  119  7:11  Drone x5  
  119  7:12  Queen  
  128  7:15  Overlord  
  128  7:24  Overlord x2  
  128  7:25  Overlord  
  128  7:33  Roach x2  
  128  7:35  Overlord  
  132  7:38  Roach  
  132  7:39  Roach x2  
  132  7:43  Roach  
  132  7:44  Roach  
  142  7:46  Roach  
  142  7:48  Roach  
  142  7:50  Roach  
  148  7:52  Roach  
  148  7:54  Roach  
  152  8:01  Roach x2  
  152  8:03  Overlord  
  156  8:06  Ravager x5  
  156  8:08  Roach x2  
  156  8:11  Roach  
  169  8:12  Roach  
  169  8:14  Roach  
  169  8:19  Overlord  
  171  8:21  Overlord  
  171  8:29  Roach x4  
  171  8:30  Roach  
  171  8:31  Roach  
  171  8:33  Roach  
  185  8:36  Overlord  
  185  8:38  Roach  
  187  8:44  Roach x2  
  187  8:46  Roach  
  193  8:52  Roach  
  193  8:53  Roach  
  199  8:55  Roach  
  199  9:03  Overlord  
Tags
 
Add a new tag
Caveats
  • Supply blocks, unpowered buildings, or Contaminate may cause inaccurate times.
  • Supply counts are checked every 10 seconds.